 Dungeon Crawl Stone Soup version 0.17-a0-484-g0e03f6a (webtiles) character file.

63 Pikaro the Cutter (level 4, 0/42 HPs)
             Began as a Kobold Berserker on Apr 10, 2015.
             Was a Believer of Trog.
             Succumbed to Ijyb's poison
             ... on level 2 of the Dungeon.
             The game lasted 00:03:06 (1138 turns).

Pikaro the Cutter (Kobold Berserker)                Turns: 1138, Time: 00:03:07

Health: 0/42       AC:  2    Str: 26    XL:     4   Next: 31%
Magic:  4/4        EV: 15    Int:  5    God:    Trog [**....]
Gold:   110        SH:  0    Dex: 15    Spells: 0 memorised, 3 levels left

rFire  . . .     SeeInvis .     a - +0 short sword
rCold  . . .     Clarity  .     b - +0 animal skin
rNeg   . . .     SustAb   .     (shield restricted)
rPois  .         Gourm    .     (no helmet)
rElec  .         Spirit   .     (no cloak)
rCorr  .         Warding  .     (no gloves)
rMut   .         Stasis   .     (no boots)
MR     .....                    k - amulet of regeneration {+regen, !d}
Stlth  ..........               (no ring)
                                j - +5 ring of strength

@: berserking (expiring), lethally poisoned (0 -> -22), very slightly
contaminated, very quick, not resistant to hostile enchantments, extremely
unstealthy
A: carnivore 3
a: Burn Spellbooks, Berserk, Trog's Hand, Renounce Religion


You were on level 2 of the Dungeon.
You worshipped Trog.
Trog was pleased with you.
You were very full.

You visited 1 branch of the dungeon, and saw 2 of its levels.

You collected 110 gold pieces.

Inventory:

Hand weapons
 a - a +0 short sword (weapon)
Armour
 b - a +0 animal skin (worn)
Jewellery
 j - a +5 ring of strength (left hand)
   (You found it on level 1 of the Dungeon)
 k - an amulet of regeneration (around neck) {+regen, !d}
   (You found it on level 1 of the Dungeon)
Scrolls
 d - 3 scrolls of blinking {!r}
 h - a scroll of remove curse {unknown}
Potions
 f - a potion of restore abilities
 i - a potion of ambrosia {!q}
 l - a potion of agility
Comestibles
 c - 3 meat rations
 g - 2 chunks of flesh


   Skills:
 - Level 3.2 Fighting
 + Level 6.4 Short Blades
 - Level 1.5 Armour
 - Level 2.4 Dodging


You had 3 spell levels left.
You didn't know any spells.

Dungeon Overview and Level Annotations

Branches:
Dungeon (2/15)

Altars:


Innate Abilities, Weirdness & Mutations

You are small and have problems with some larger weapons.
You are carnivorous and can eat meat at any time.


Message History

The giant newt hisses menacingly.
The giant newt closely misses you.
You closely miss the giant newt. The giant newt barely misses you.
You hit the giant newt.
You kill the giant newt!
Health restored: 23 No target in view!
No target in view!
Read which item? (? for menu, Esc to quit)
Blink to where?
You are very lightly contaminated with residual magic.
As you read the scroll labeled KIYDANG MOXUXT, it crumbles to dust.
It was a scroll of blinking.
Read which item? (? for menu, Esc to quit)
As you read the scroll labeled VAAFEBAYDA, it crumbles to dust.
It is a scroll of identify.
Identify which item? (\ to view known items) (? for menu, Esc to quit)
l - a potion of agility Read which item? (? for menu, Esc to quit)
Identify which item? (\ to view known items) (? for menu, Esc to quit)
As you read the scroll of identify, it crumbles to dust.
f - a potion of restore abilities Read which item? (? for menu, Esc to quit)
Identify which item? (\ to view known items) (? for menu, Esc to quit)
As you read the scroll of identify, it crumbles to dust.
i - a potion of ambrosia You now have 110 gold pieces (gained 13).
Ijyb the Twisted Goblin comes into view.
He is wielding a dagger of venom.
Ijyb shouts!
You miss Ijyb. Ijyb hits you with a dagger of venom.
You take 3 damage, and have 20/23 hp.
You miss Ijyb. You barely miss Ijyb. Ijyb hits you with a dagger of venom.
You are poisoned.
You take 3 damage, and have 17/23 hp.
You hit Ijyb.
You feel sick. Ijyb hits you with a dagger of venom.
You are more poisoned.
You take 3 damage, and have 14/23 hp.
You hit Ijyb but do no damage.
You feel sick. Ijyb hits you but does no damage.
You are lethally poisoned!
You take 2 damage, and have 12/23 hp.
Drink which item? (? for menu, Esc to quit)
Okay, then.
You are alive.
You are lethally poisoned (12 -> -6).
You are very lightly contaminated with residual magic.
Your movement speed is average.
Your attack speed is above average.
You are not resistant to hostile enchantments.
You feel very unstealthy.
You don't know any spells.
Okay, then.
Quiver which item? (- for none, * to show all) (? for menu, Esc to quit)
Okay, then.
Quiver which item? (- for none, * to show all) (? for menu, Esc to quit)
You don't have any such object.
Quiver which item? (- for none, * to show all) (? for menu, Esc to quit)
Okay, then.
A red film seems to cover your vision as you go berserk!
You feel yourself moving faster!
You feel mighty!
You feel sick. Ijyb hits you but does no damage.
You are lethally poisoned!
You now have 17/34 hp.
HP at 50%!
You hit Ijyb.
You feel sick.
You take 2 damage, and have 15/34 hp.
You barely miss Ijyb.
You feel sick. Ijyb hits you with a dagger of venom.
You are more poisoned.
You take 3 damage, and have 12/34 hp.
You puncture Ijyb!
* * * LOW HITPOINT WARNING * * *
You feel very sick. Ijyb hits you with a dagger of venom.
* * * LOW HITPOINT WARNING * * *
You are more poisoned.
You take 3 damage, and have 9/34 hp.
You puncture Ijyb!
* * * LOW HITPOINT WARNING * * *
You feel sick.
You take 2 damage, and have 7/34 hp.
HP at 20%!
You puncture Ijyb!
You feel the power of Trog in you as your rage grows.
You kill Ijyb!
Your Short Blades skill increases to level 6!
You have reached level 4!
* * * LOW HITPOINT WARNING * * *
You feel sick.
You take 1 damage, and have 6/42 hp.
MP restored: 4 You are too berserk!
* * * LOW HITPOINT WARNING * * *
You feel sick.
You take 1 damage, and have 5/42 hp.
You feel a strong urge to attack something.
* * * LOW HITPOINT WARNING * * *
You feel sick.
You take 2 damage, and have 3/42 hp.
* * * LOW HITPOINT WARNING * * *
You feel sick.
You take 2 damage, and have 1/42 hp.
You feel your anger subside.
You die...

..#...#.#..#..
#.##...#.#..#..
####.##...#.#..#..
#.........#.#..#..
#.##.##...#.......
#.##.##...#.#..#..
#.##.##...#.#.....
#)##.##...#.#.##..
#@##..............
#.##.##...#.#.#...
#.##......#.#.#...
#.................
##................
#.#.##..##.#.....
#................
#.###............
#.# ##..##......#


There were no monsters in sight!

Vanquished Creatures
  Ijyb (D:2)
  A giant cockroach (D:2)
  3 hobgoblins (D:1)
  8 jackals
  4 kobolds (D:1)
  3 bats (D:1)
  A giant newt (D:2)
  9 goblins (D:1)
  5 rats (D:1)
35 creatures vanquished.

Notes
Turn   | Place    | Note
--------------------------------------------------------------
     0 | D:1      | Pikaro, the Kobold Berserker, began the quest for the Orb.
     0 | D:1      | Reached XP level 1. HP: 14/14 MP: 1/1
   331 | D:1      | Reached XP level 2. HP: 19/19 MP: 2/2
   480 | D:1      | Reached skill level 5 in Short Blades
   630 | D:1      | Acquired Trog's second power
   630 | D:1      | Reached XP level 3. HP: 23/23 MP: 3/3
  1120 | D:2      | Noticed Ijyb
  1133 | D:2      | HP: 7/34 [poisoned by Ijyb]
  1134 | D:2      | Killed Ijyb
  1134 | D:2      | Reached skill level 6 in Short Blades
  1134 | D:2      | Reached XP level 4. HP: 8/28 MP: 4/4
  1136 | D:2      | HP: 3/42 [poisoned by Ijyb]
  1137 | D:2      | HP: 1/42 [poisoned by Ijyb]
  1138 | D:2      | Succumbed to Ijyb's poison

Action                   |  1- 3 |  4- 6 || total
-------------------------+-------+-------++-------
Melee: Short sword       |   120 |       ||   120
Invok: Berserk           |     2 |       ||     2
  Use: Scroll            |     4 |       ||     4
 Stab: Sleeping          |     2 |       ||     2
  Eat: Chunk             |    10 |       ||    10

Vault maps used:
D:1:      dpeg_arrival_subterranean_lakeside_camping
D:2:      minmay_vboxes, uniq_iyjb, uniq_natasha

Table legend:
 A = Turns spent in this place as a percentage of turns spent in the entire game.
 B = Non-inter-level travel turns spent in this place as a percentage of non-inter-level travel turns spent in the entire game.
 C = Inter-level travel turns spent in this place as a percentage of turns spent in this place.
 D = Turns resting spent in this place as a percentage of non-inter-level travel turns spent in this place.
 E = Turns spent auto-exploring this place as a percentage of non-inter-level travel turns spent in this place.
 F = Non-inter-level travel turns spent in this place divided by the number of levels of this place that you've seen.
                   A       B       C       D       E      F
               +-------+-------+-------+-------+-------+----------------------
         Total | 100.0 | 100.0 |   0.3 |   3.4 |   8.7 | 178.5
       Dungeon | 100.0 | 100.0 |   0.3 |   3.4 |   8.7 | 178.5
               +-------+-------+-------+-------+-------+----------------------

Table legend:
 A = Kills in this place as a percentage of kills in entire the game.
 B = Kills by you in this place as a percentage of kills by you in the entire game.
 C = Kills by friends in this place as a percentage of kills by friends in the entire game.
 D = Other kills in this place as a percentage of other kills in the entire game.
 E = Experience gained in this place as a percentage of experience gained in the entire game.
 F = Experience gained in this place divided by the number of levels of this place that you have seen.
                   A       B       C       D       E      F
               +-------+-------+-------+-------+-------+----------------------
         Total | 100.0 | 100.0 |  -nan |  -nan | 100.0 |  45.5
       Dungeon | 100.0 | 100.0 |  -nan |  -nan | 100.0 |  45.5
               +-------+-------+-------+-------+-------+----------------------
